 Dungeon Crawl Stone Soup version 0.30.0-29-ga12c61a403 (webtiles) character file.

Game seed: 8119303660807563746

6426 AgateBread the Cleaver (level 10, -3/93 HPs)
             Began as a Hill Orc Fighter on June 24, 2023.
             Was a Believer of Beogh.
             Slain by a salamander (shapeshifter) (11 damage)
             ... on level 8 of the Dungeon.
             The game lasted 00:40:46 (9510 turns).

AgateBread the Cleaver (Hill Orc Fighter)           Turns: 9510, Time: 00:40:46

Health: -3/93      AC: 17    Str: 24    XL:     10   Next: 98%
Magic:  3/15       EV:  6    Int:  8    God:    Beogh [**....]
Gold:   311        SH: 10    Dex: 10    Spells: 9/9 levels left

rFire   . . .        a - +0 war axe
rCold   . . .        o - +0 kite shield
rNeg    + . .        g - +1 plate armour
rPois   +            z - +0 helmet
rElec   .            (no cloak)
rCorr   .            A - +0 pair of gloves
SInv    .            (no boots)
Will    .....        d - amulet of faith Stlth
                     G - ring of poison resistance
HPRegen 0.35/turn    H - ring of positive energy
MPRegen 0.14/turn

%: faith
@: weak-willed
A: no striking features
a: Renounce Religion, Smiting


You were on level 8 of the Dungeon.
You worshipped Beogh.
Beogh was pleased with you.
You visited 1 branch of the dungeon, and saw 8 of its levels.

You collected 434 gold pieces.
You spent 123 gold pieces at shops.

Inventory:

Hand Weapons
 a - a +0 war axe (weapon)
 j - a +0 arbalest
 k - a +1 halberd of flaming
 r - a +0 glaive
 t - a +4 morningstar
 K - a +5 battleaxe of freezing
Missiles
 h - a datura-tipped dart (quivered)
 l - 17 boomerangs
 u - 7 poisoned darts
 J - 7 curare-tipped darts
 N - a throwing net
Armour
 c - a +0 buckler
 g - a +1 plate armour (worn)
 o - a +0 kite shield (worn)
 z - a +0 helmet (worn)
 A - a +0 pair of gloves (worn)
 C - a +0 helmet
Jewellery
 d - an amulet of faith (around neck)
 v - a ring of poison resistance
 G - a ring of poison resistance (left hand)
 H - a ring of positive energy (right hand)
 I - a ring of wizardry
Wands
 F - a wand of charming (3)
Scrolls
 b - 2 scrolls of brand weapon
 f - a scroll of enchant weapon
 m - a scroll of torment {unknown}
 x - 3 scrolls of amnesia
 y - a scroll of noise
 E - a scroll of poison {unknown}
 L - a scroll of blinking {unknown}
Potions
 e - a potion of flight {unknown}
 i - a potion of cancellation {unknown}
 n - 2 potions of lignification
 p - 5 potions of curing
 s - 3 potions of brilliance
 D - a potion of haste {unknown}


   Skills:
 - Level 10.0 Fighting
 + Level 12.8 Axes
 + Level 7.7 Armour
 - Level 8.0 Shields
 + Level 6.8 Invocations


You had 9 spell levels left.
You didn't know any spells.
Your spell library contained the following spells:

 Spells                   Type           Power      Damage    Failure   Level
 Ensorcelled Hibernation  Hex/Ice        0%         N/A       100%        2
 Lesser Beckoning         Tloc           0%         N/A       100%        2
 Gell's Gravitas          Tloc           0%         N/A       100%        3
 Spider Form              Tmut/Pois      0%         N/A       100%        3
 Teleport Other           Tloc           0%         N/A       100%        3
 Vhi's Electric Charge    Tloc/Air       0%         N/A       100%        3
 Anguish                  Hex/Necr       0%         N/A       100%        4
 Arcjolt                  Conj/Air       0%         1d10      100%        5
 Maxwell's Capacitive Co  Air            0%         ∞         100%        8


Dungeon Overview and Level Annotations

Branches:
Dungeon (8/15)             Temple (0/1) D:5
   Lair: D:8-11

Altars:
Ashenzari
Cheibriados
Gozag
Hepliaklqana
Makhleb
Okawaru
Ru
The Shining One

Shops:
D:3 *   D:6 :   D:8 *

Annotations:
D:8 1 runed translucent door, Fodor's ghost, novice MiFi


Message History

The cyclops explodes!
The tree burns like a torch!
The fiery explosion engulfs the deep elf pyromancer!!!
Beogh accepts your kill. The fiery explosion engulfs you!!
* * * LOW HITPOINT WARNING * * *
The fiery explosion engulfs the salamander.
The salamander completely resists.
The salamander is lightly wounded.
Beogh accepts your kill.
You feel a bit more experienced.
The fiery explosion engulfs something!!
Beogh accepts your kill.
You feel a bit more experienced.
The orc wizard explodes!
The fiery explosion engulfs the salamander.
The salamander completely resists.
The salamander is lightly wounded.
The fiery explosion engulfs the efreet.
The efreet completely resists.
The deep elf pyromancer explodes!
You hear two shouts!
You hear a shout! x3
The salamander hits you but does no damage.
Your Invocations skill increases to level 6!
Okay, then.
Okay, then.
Aiming: Smiting
Press: ? - help, Dir - move target, f - salamander Smite: a salamander (purple smoke, lightly wounded, inner flame, weak-willed)
You smite the salamander!!
Flame seeps out of the salamander.
The salamander is heavily wounded.
The salamander hits you but does no damage.
Unknown command.
Aiming: Smiting
Press: ? - help, Dir - move target, f/p - salamander Smite: a salamander (purple smoke, heavily wounded, inner flame, weak-willed)
You smite the salamander!!
Flame seeps out of the salamander.
The salamander is almost dead.
The salamander hits you.
* * * LOW HITPOINT WARNING * * *
You are engulfed in flames!
You die...

#.# #.♣♣♣.#♣.♣ #.♣♣ #.#
#♣.♣.♣#♣.♣♣♣♣♣♣♣♣♣♣♣.♣#...
##.#####♣.♣.♣
♣.............♣#♣♣♣
≈.>....#♣♣.♣♣
♣♣♣♣♣♣♣.♣♣♣♣♣♣ ♣. ∩≈..####
♣.♣ ########C# ♣.
≈≈.<####♣♣.♣♣#...z....#
♣♣.
##.....#♣...♣#§§§######z
#♣)♣
###..##.....#§§§#§.R☼o.
#.♣♣ #..##♣...♣#§§@NR§#
#♣.♣ #..# ♣♣.♣♣#§§§####
♣♣.
#..####.################
####.
#).#)............##....#
#....
#.)####................#
####. #))#
######....###...##### #.
#.)# #....####...>..####
#..# #.......<.####.....
#..### #...#####.# ######


You could see a salamander (inner flame, weak-willed) and an efreet
(weak-willed).

Vanquished Creatures
  A deep elf pyromancer (D:8)
  A cyclops (D:8)
  A slime creature (D:8)
  Sigmund (D:2)
  A wraith (D:8)
  A wyvern (D:8)
  5 yaks (D:8)
  5 steam dragons
  2 orc warriors (D:7)
  2 water moccasins
  6 black bears
  An ice beast (D:6)
  2 sky beasts
  5 centaurs
  A kobold brigand (D:8)
  A gnoll sergeant (D:8)
  4 bullfrogs (D:8)
  3 scorpions
  7 wights
  4 killer bees (D:7)
  A howler monkey (D:4)
  8 hounds
  2 orc priests (D:5)
  Natasha (D:3)
  3 iguanas
  A sleepcap (D:4)
  9 orc wizards
  Terence (D:3)
  The ghost of bairyn the Covered, a weakling AtFi (D:3)
  A gnoll (D:2)
  7 adders
  2 shadow imps
  3 white imps
  2 ufetubi (D:6)
  A worm (D:2)
  A dart slug (D:1)
  29 orcs
  5 endoplasms
  3 giant cockroaches
  7 goblins
  10 hobgoblins
  7 jackals
  6 kobolds
  3 quokkas
  7 ball pythons
  7 bats
  4 rats
186 creatures vanquished.

Vanquished Creatures (collateral kills)
  3 gnolls (D:2)
  A worm (D:2)
  An endoplasm (D:2)
5 creatures vanquished.

Vanquished Creatures (others)
  Joseph (D:7)
  An orc priest (D:7)
  2 orc wizards
  An orc (D:7)
5 creatures vanquished.

Grand Total: 196 creatures vanquished

Notes
Turn   | Place    | Note
-------+----------+-------------------------------------------
     0 | D:1      | AgateBread the Hill Orc Fighter began the quest for the
                  | Orb.
     0 | D:1      | Reached XP level 1. HP: 19/19 MP: 1/1
    95 | D:1      | Reached skill level 3 in Axes
    95 | D:1      | Reached XP level 2. HP: 27/27 MP: 2/2
   384 | D:1      | Reached XP level 3. HP: 33/33 MP: 3/3
   821 | D:1      | Found a faded altar of an unknown god.
   926 | D:2      | Noticed Sigmund
   937 | D:2      | Killed Sigmund
   938 | D:2      | Reached skill level 4 in Axes
   938 | D:2      | Reached XP level 4. HP: 20/41 MP: 4/4
   938 | D:2      | Reached XP level 5. HP: 23/47 MP: 5/5
  1175 | D:2      | Reached skill level 5 in Fighting
  1175 | D:2      | Reached XP level 6. HP: 49/56 MP: 6/6
  1925 | D:3      | Found Gozag's Platinum Reserve.
  1937 | D:3      | Found an opulent altar of Gozag.
  1952 | D:3      | Found a runed translucent gate.
  1962 | D:3      | Found a runed translucent gate.
  2010 | D:3      | Found a runed translucent gate.
  2011 | D:3      | Noticed bairyn's ghost (weakling AtFi)
  2020 | D:3      | Killed bairyn's ghost
  2227 | D:3      | Noticed Natasha
  2229 | D:3      | Noticed Terence
  2236 | D:3      | Killed Natasha
  2240 | D:3      | Killed Terence
  2402 | D:3      | Reached skill level 5 in Axes
  2578 | D:4      | You fall into a shaft and drop 3 floors!
  2587 | D:7      | Noticed a sky beast
  2596 | D:7      | Killed a sky beast
  2597 | D:7      | Reached skill level 5 in Armour
  2597 | D:7      | Reached skill level 5 in Shields
  2597 | D:7      | Reached XP level 7. HP: 59/61 MP: 7/7
  2611 | D:7      | Noticed a steam dragon
  2626 | D:7      | Killed a steam dragon
  2790 | D:7      | Reached skill level 6 in Axes
  2791 | D:7      | Noticed a steam dragon
  2804 | D:7      | Killed a steam dragon
  2986 | D:7      | Reached XP level 8. HP: 34/68 MP: 8/8
  3107 | D:7      | Reached skill level 7 in Axes
  3406 | D:7      | Became a worshipper of Beogh the Brigand
  3707 | D:7      | Found a glowing golden altar of the Shining One.
  3867 | D:7      | Reached skill level 8 in Axes
  3880 | D:7      | Noticed Joseph
  4362 | D:6      | Reached XP level 9. HP: 81/81 MP: 9/9
  4735 | D:6      | Reached skill level 9 in Axes
  5370 | D:6      | Found Ommi's Tiny Tomes.
  5506 | D:6      | Found an iron altar of Okawaru.
  5506 | D:6      | Found a hazy altar of Hepliaklqana.
  5506 | D:6      | Found a burning altar of Makhleb.
  5649 | D:5      | Entered Level 5 of the Dungeon
  6027 | D:5      | Reached * piety under Beogh
  6053 | D:5      | Reached skill level 10 in Axes
  6140 | D:5      | Found a staircase to the Ecumenical Temple.
  6638 | D:4      | Found a snail-covered altar of Cheibriados.
  6645 | D:4      | Found a broken altar of Ashenzari.
  6904 | D:4      | Reached skill level 10 in Fighting
  7530 | D:7      | Killed Joseph
  7609 | D:7      | Reached ** piety under Beogh
  7936 | D:8      | Reached skill level 11 in Axes
  7936 | D:8      | Reached skill level 1 in Invocations
  7941 | D:8      | Reached XP level 10. HP: 73/93 MP: 9/11
  8325 | D:8      | Found Winov's General Store.
  8599 | D:8      | Bought a scroll of brand weapon for 123 gold pieces
  8911 | D:8      | Found a runed translucent door.
  8914 | D:8      | Noticed Fodor's ghost (novice MiFi)
  9030 | D:8      | Reached skill level 12 in Axes
  9034 | D:8      | Reached skill level 5 in Invocations
  9339 | D:8      | Found a sacrificial altar of Ru.
  9435 | D:8      | Noticed a deep elf pyromancer
  9436 | D:8      | Noticed a two-headed ogre
  9449 | D:8      | Noticed a cyclops
  9495 | D:8      | Noticed a salamander
  9508 | D:8      | Killed a cyclops
  9508 | D:8      | Killed a deep elf pyromancer
  9510 | D:8      | Slain by a salamander (shapeshifter)

Illustrated notes

Levels and vault maps discovered:
D:1:      wander_arrival_estate, layout_basic, shapermc_ecumenical_altar_petra
D:2:      layout_basic, uniq_sigmund
D:3:      layout_rooms, nicolae_gozag_zags_fifth_avenue, gammafunk_ghost_split,
          uniq_terence, uniq_natasha
D:4:      nicolae_cairo_tiling, layout_loops_corners,
          amethyst_overflow_temple_binary
D:5:      layout_basic, temple_green
D:6:      layout_loops_ring, gammafunk_temple_overflow_forgotten,
          nicolae_shop_i_like_small_books_too
D:7:      layout_basic, nicolae_tso_swordbearing_angel, dk_noncrumbling_3,
          uniq_joseph
D:8:      nzn_winding_woodlands_large [nzn_winding_woodlands_5x5_open_star,
          nzn_winding_woodlands_5x15_eye, nzn_winding_woodlands_5x5_default,
          nzn_winding_woodlands_center_lodge,
          nzn_winding_woodlands_15x15_boxy_spiral,
          nzn_winding_woodlands_center_pierced_h,
          nzn_winding_woodlands_5x5_closed_star,
          nzn_winding_woodlands_5x15_sidewinder,
          nzn_winding_woodlands_5x5_perimeter], layout_loops_ring,
          mainiacjoe_overflow_tiny_flanked, ebering_ghost_reflecting_pool,
          serial_shops, nicolae_shop_tiny_waterfront

Skill      XL: |  1  2  3  4  5  6  7  8  9 10 |
---------------+-------------------------------+-----
Axes           | 3 4 5 6 8 11 12 | 12.8
Fighting       | 4 5 6 8 10 | 10.0
Armour         | 4 5 7 |  7.7
Shields        | 4 5 6 7 8 |  8.0
Invocations    | 1 6 |  6.8

Action                     |  1- 3 |  4- 6 |  7- 9 | 10-12 || total
---------------------------+-------+-------+-------+-------++-------
  Melee: War axe           |    70 |   111 |   286 |   197 ||   664
  Throw: Throwing net      |     1 |     1 |     3 |     1 ||     6
         Dart              |       |     3 |     4 |     1 ||     8
         Boomerang         |       |       |     5 |       ||     5
 Invoke: Convert to Beogh  |       |       |     1 |       ||     1
         Smiting           |       |       |       |     6 ||     6
    Use: Scroll            |       |     4 |     4 |     8 ||    16
         Potion            |       |       |     5 |     1 ||     6
 Armour: Scale mail        |    13 |       |       |       ||    13
         Plate armour      |    39 |    88 |   207 |   125 ||   459
  Dodge: Dodged            |    36 |    34 |    71 |    36 ||   177
  Block: Buckler           |    28 |    27 |       |       ||    55
         Kite shield       |       |       |   198 |    83 ||   281
